 Dungeon Crawl Stone Soup version 0.31-a0-859-g9dce7d3444 (webtiles) character file.

Game seed: 14472437477536711043

24 Agrostarius the Chopper (level 3, -1/33 HPs)
             Began as a Hill Orc Berserker on Oct 9, 2023.
             Was a Follower of Trog.
             Slain by a gnoll
             ... wielding a +0 halberd
              (12 damage)
             ... on level 2 of the Dungeon on Oct 16, 2023.
             The game lasted 00:02:28 (785 turns).

Agrostarius the Chopper (Hill Orc Berserker)         Turns: 785, Time: 00:02:28

Health: -1/33      AC:  2    Str: 21    XL:     3   Next: 2%
Magic:  3/3        EV: 12    Int:  7    God:    Trog [*.....]
Gold:   51         SH:  0    Dex: 10    Spells: 2/2 levels left

rFire   . . .        a - +0 hand axe
rCold   . . .        (no shield)
rNeg    . . .        b - +0 animal skin
rPois   .            (helmet currently unavailable)
rElec   .            (cloak currently unavailable)
rCorr   .            (gloves currently unavailable)
SInv    .            (boots currently unavailable)
Will    .....        (no amulet)
Stlth   +            (no ring)
HPRegen 0.25/turn    (no ring)
MPRegen 0.08/turn

%: no passive effects
@: beast-form
A: beast (slay +0)
a: Begin Untransformation, Renounce Religion, Berserk


You were on level 2 of the Dungeon.
You worshipped Trog.
Trog was aware of your devotion.
You were a hulking beast.
You visited 1 branch of the dungeon, and saw 2 of its levels.

You collected 51 gold pieces.

Inventory:

Hand Weapons
 a - a +0 hand axe (weapon)
Armour
 b - a +0 animal skin (worn)
Jewellery
 e - a ring of resist corrosion
Talismans
 c - a beast talisman (active)
Scrolls
 f - a scroll of enchant armour {unknown}
 g - a scroll of identify {unknown}
 h - a scroll of fear {unknown}
Potions
 d - 2 potions of heal wounds {unknown}


   Skills:
 + Level 4.0 Fighting
 + Level 4.5 Axes
 + Level 2.2 Armour
 + Level 1.9 Dodging
 + Level 0.6 Shapeshifting


You had 2 spell levels left.
You didn't know any spells.
Your spell library was empty.

Dungeon Overview and Level Annotations

Branches:
Dungeon (2/15)

Altars:


Message History

You hit the worm.
The worm is heavily wounded.
The worm barely misses you.
You hit the worm.
The worm is heavily wounded.
You hit the worm but do no damage.
The worm is heavily wounded.
The worm bites you.
You are too injured to fight recklessly!
You are too injured to fight recklessly!
You are too injured to fight recklessly!
You are too injured to fight recklessly!
You are too injured to fight recklessly!
You are too injured to fight recklessly!
You are too injured to fight recklessly!
You are too injured to fight recklessly!
A worm is nearby!
You hit the worm.
The worm is severely wounded.
The worm bites you but does no damage.
You hit the worm.
You kill the worm!
Trog accepts your kill.
You have reached level 3!
Your experience leads to an increase in your attributes!
Increase (S)trength, (I)ntelligence, or (D)exterity?
You feel stronger. x2
A gnoll comes into view. It is wielding a +0 halberd.
A gnoll is nearby!
The gnoll shouts!
You hear a shout!
A kobold comes into view. It is wielding a +0 short sword.
The gnoll hits you from afar with a +0 halberd!
The kobold shouts!
You hear an angry hiss. x2
The gnoll hits you with a +0 halberd.
You hear a shout!
The kobold throws a stone.
The stone completely misses you. The gnoll hits you with a +0 halberd!
The kobold throws a stone.
The stone completely misses you. The gnoll hits you with a +0 halberd!
You die...

#########
##.......####### .
................ ~~ #.
#†..#######
≈≈~.##.###.........##+##
≈≈~........#.....#.....#
~~#.##.##.#.###.#.....#
##..g....#.# #.#.....#
#....h####.# #.......#
#.....# ..# ####....#
#.K....# ### #.....
#.#....# #.....
#..#####. #..... #. .
###†#† . #... .. #..†#.
#...#.


You could see a gnoll and a kobold.

Vanquished Creatures
  A worm (D:2)
  2 endoplasms (D:1)
  A giant cockroach (D:1)
  7 hobgoblins
  2 kobolds (D:1)
  A quokka (D:1)
  2 bats (D:2)
  2 frilled lizards (D:1)
18 creatures vanquished.

Notes
Turn   | Place    | Note
-------+----------+-------------------------------------------
     0 | D:1      | Agrostarius the Hill Orc Berserker began the quest for the
                  | Orb.
     0 | D:1      | Reached XP level 1. HP: 19/19 MP: 1/1
   206 | D:1      | Reached XP level 2. HP: 27/27 MP: 2/2
   732 | D:2      | Reached XP level 3. HP: 17/33 MP: 3/3
   785 | D:2      | Slain by a gnoll

Illustrated notes

Levels and vault maps discovered:
D:1:      doesnt_arrival_eight_statues, layout_basic, amethyst_killhole
D:2:      wander_river, layout_basic, uniq_robin

Skill      XL: |  1  2 |
---------------+-------+-----
Fighting       | 4 |  4.0
Axes           | |  4.5
Armour         | |  2.2
Dodging        | |  1.9
Shapeshifting  | |  0.6

Action                     || total
---------------------------++-------
  Melee: Hand axe          ||    61
         Punch             ||     1
 Armour: Animal skin       ||    35
  Dodge: Dodged            ||    45
   Form: Beast             ||     2
                           ||     1

Table legend: (Time is in decaauts)
 A = Elapsed time spent in this place.
 B = Non-inter-level travel time spent in this place.
 C = Inter-level travel time spent in this place.
 D = Time resting spent in this place.
 E = Time spent auto-exploring this place.
 F = Levels seen in this place.
 G = Mean time per level.
                   A        B        C        D        E       F      G
               +--------+--------+--------+--------+--------+-----+--------+
         Total |    790 |    790 |      0 |      0 |    604 |   2 |  395.0 |
       Dungeon |    790 |    790 |      0 |      0 |    604 |   2 |  395.0 |
               +--------+--------+--------+--------+--------+-----+--------+

Top non-repeatable levels by time:
     D:1: 664 daAuts
     D:2: 125 daAuts
